MWL (24 & UNDER)
COLUMBIA 08S @ LEE'S SUMMIT TIGERS
09/23/2026
 
TOP OF THE 1ST
Columbia 08s batting - Pitching for Lee's Summit Tigers : RHP Greg Reeves
Pitching: RHP Greg Reeves
Batting: LHB Francisco Gonzáles 0-0: Ball
1-0: Ball
2-0: Fly out, F4 (Popup, 4D)
Batting: RHB Carlos López 0-0: SINGLE (Line Drive, 7LM)
Batting: RHB Casey Fox 0-0: SINGLE (Line Drive, 89S)
Carlos López to second
Batting: RHB Chris Burrell 0-0: Ball
1-0: Ball
2-0: Ball
3-0: Called Strike
3-1: Base on Balls
Carlos López to third
Casey Fox to second
Batting: RHB José Orozco 0-0: SINGLE (Groundball, 56D) (infield hit)
Carlos López scores
Casey Fox to third
Chris Burrell to second
Batting: RHB Tom Hicks 0-0: Ball
1-0: Called Strike
1-1: Ball
2-1: Called Strike
2-2: Strikes out swinging
Batting: RHB Pablo Díaz 0-0: DOUBLE (Line Drive, 8RM)
Casey Fox scores
Chris Burrell scores
José Orozco to third
Runner from 3rd tries for Home, throw and OUT!
Top of the 1st over - 3 run(s), 4 hit(s), 0 error(s), 1 left on base; Columbia 3 - Lee's Summit 0
BOTTOM OF THE 1ST
Lee's Summit Tigers batting - Pitching for Columbia 08s : RHP Irwin Conway
Pitching: RHP Irwin Conway
Batting: LHB Darren Holland 0-0: Ball
1-0: Called Strike
1-1: Ball
2-1: Foul Ball, location: 2F
2-2: SINGLE (Groundball, 34) (infield hit)
Batting: RHB Rusty Bennett 0-0: Ball
1-0: Ball
2-0: Ball
3-0: Base on Balls
Darren Holland to second
Batting: LHB Edward Rose 0-0: Grounds into double play, 1-4-3 (Groundball, 13S)
Darren Holland to third
Batting: RHB Oliver Todd 0-0: 2-RUN HOME RUN (Flyball, 7D), Distance : 365 ft
Batting: LHB José López 0-0: Ball
1-0: Foul Ball, location: 2F
1-1: Called Strike
1-2: Ball
2-2: Foul Ball, location: 2F
2-2: Hit by Pitch
Batting: RHB Flint Todd 0-0: Called Strike
0-1: Ball
1-1: Ground out 5-3 (Groundball, 56)
Bottom of the 1st over - 2 run(s), 2 hit(s), 0 error(s), 1 left on base; Columbia 3 - Lee's Summit 2
TOP OF THE 2ND
Columbia 08s batting - Pitching for Lee's Summit Tigers : RHP Greg Reeves
Batting: SHB Juan Carlos González 0-0: Ground out 4-3 (Groundball, 34)
Batting: RHB Bernardo Corona 0-0: Swinging Strike
0-1: SINGLE (Line Drive, 6M)
Batting: LHB Francisco Gonzáles 0-0: Ball
1-0: Ground out 4-3 (Groundball, 4M)
Bernardo Corona to second
Batting: RHB Carlos López 0-0: Swinging Strike
0-1: Ball
1-1: Fly out, F8 (Flyball, 8LD)
Top of the 2nd over - 0 run(s), 1 hit(s), 0 error(s), 1 left on base; Columbia 3 - Lee's Summit 2
BOTTOM OF THE 2ND
Lee's Summit Tigers batting - Pitching for Columbia 08s : RHP Irwin Conway
Batting: RHB Ricardo Velásquez 0-0: Called Strike
0-1: Called Strike
0-2: SINGLE (Line Drive, 56)
Batting: LHB Milo Powers 0-0: Ball
1-0: Called Strike
1-1: Fielders Choice at 2nd, 3-6 (Groundball, 34)
Batting: RHB Augusto Pérez 0-0: Ball
1-0: Ball
2-0: Ball
3-0: Called Strike
3-1: Swinging Strike
3-2: Base on Balls
Milo Powers to second
Batting: LHB Darren Holland 0-0: Ball
1-0: Ball
2-0: Called Strike
2-1: Fly out, F7 (Flyball, 7LD)
Batting: RHB Rusty Bennett 0-0: Ball
1-0: Ball
2-0: Ball
3-0: Called Strike
3-1: SINGLE (Groundball, 4MD)
Milo Powers to third
Augusto Pérez to second
Runner from 3rd tries for Home, SAFE, no throw or cutoff
Batting: LHB Edward Rose 0-0: Ball
1-0: Ball
2-0: Ball
3-0: Base on Balls
Augusto Pérez to third
Rusty Bennett to second
Batting: RHB Oliver Todd 0-0: Foul Ball, location: 2F
0-1: Ball
1-1: Swinging Strike
1-2: Strikes out looking
Bottom of the 2nd over - 1 run(s), 2 hit(s), 0 error(s), 3 left on base; Columbia 3 - Lee's Summit 3
TOP OF THE 3RD
Columbia 08s batting - Pitching for Lee's Summit Tigers : RHP Greg Reeves
Batting: RHB Casey Fox 0-0: Fly out, F2 (Popup, 2R)
Batting: RHB Chris Burrell 0-0: Ball
1-0: Ball
2-0: Called Strike
2-1: Ball
3-1: Base on Balls
Batting: RHB José Orozco 0-0: Swinging Strike
0-1: Swinging Strike
0-2: Strikes out swinging
Batting: RHB Tom Hicks 0-0: Called Strike
0-1: Ball
1-1: Swinging Strike
1-2: Foul Ball, location: 2F
1-2: Ball
2-2: Strikes out swinging
Top of the 3rd over - 0 run(s), 0 hit(s), 0 error(s), 1 left on base; Columbia 3 - Lee's Summit 3
BOTTOM OF THE 3RD
Lee's Summit Tigers batting - Pitching for Columbia 08s : RHP Irwin Conway
Batting: LHB José López 0-0: Ball
1-0: Foul Ball, location: 2F
1-1: Ground out U3 (Groundball, 3L)
Batting: RHB Flint Todd 0-0: SINGLE (Line Drive, 9LS)
Batting: RHB Ricardo Velásquez 0-0: Called Strike
Flint Todd is caught stealing 2nd base
0-1: Swinging Strike
0-2: Ball
1-2: Strikes out looking
Bottom of the 3rd over - 0 run(s), 1 hit(s), 0 error(s), 0 left on base; Columbia 3 - Lee's Summit 3
TOP OF THE 4TH
Columbia 08s batting - Pitching for Lee's Summit Tigers : RHP Greg Reeves
Batting: RHB Pablo Díaz 0-0: Called Strike
0-1: SINGLE (Groundball, 4M)
Batting: SHB Juan Carlos González 0-0: Called Strike
0-1: SINGLE (Line Drive, 8LS)
Pablo Díaz to second
Batting: RHB Bernardo Corona 0-0: Foul Ball, location: 2F
0-1: Swinging Strike
0-2: Fielders Choice at 2nd, 6-4 (Groundball, 6M)
Pablo Díaz to third
Batting: LHB Francisco Gonzáles 0-0: Called Strike
Bernardo Corona steals 2nd base
0-1: Ground out 6-3 (Groundball, 6M)
Pablo Díaz scores
Bernardo Corona to third
Batting: RHB Carlos López 0-0: Ball
1-0: Ground out 5-3 (Groundball, 5L)
Top of the 4th over - 1 run(s), 2 hit(s), 0 error(s), 1 left on base; Columbia 4 - Lee's Summit 3
BOTTOM OF THE 4TH
Lee's Summit Tigers batting - Pitching for Columbia 08s : RHP Irwin Conway
Batting: LHB Milo Powers 0-0: Foul Ball, location: 2F
0-1: Ground out 6-3 (Groundball, 56)
Batting: RHB Augusto Pérez 0-0: Called Strike
0-1: Foul Ball, location: 2F
0-2: Ball
1-2: Strikes out swinging
Batting: LHB Darren Holland 0-0: Ball
1-0: Ball
2-0: Ball
3-0: Called Strike
3-1: Called Strike
3-2: Foul Ball, location: 2F
Single, Error in OF, E7, batter to second base
Batting: RHB Rusty Bennett 0-0: Called Strike
0-1: Ball
1-1: Ball
2-1: Ball
3-1: Base on Balls
Batting: LHB Edward Rose 0-0: Called Strike
0-1: Swinging Strike
0-2: Foul Ball, location: 2F
0-2: Ball
1-2: Ground out 4-3 (Groundball, 34)
Bottom of the 4th over - 0 run(s), 1 hit(s), 1 error(s), 2 left on base; Columbia 4 - Lee's Summit 3
TOP OF THE 5TH
Columbia 08s batting - Pitching for Lee's Summit Tigers : RHP Greg Reeves
Batting: RHB Casey Fox 0-0: Called Strike
0-1: Ball
1-1: Ball
2-1: Ball
3-1: Ground out 5-3 (Groundball, 56)
Batting: RHB Chris Burrell 0-0: Ball
1-0: Swinging Strike
1-1: Ball
2-1: Swinging Strike
2-2: Ball
3-2: Foul Ball, location: 2F
3-2: Base on Balls
Batting: RHB José Orozco 0-0: Called Strike
0-1: Fly out, F9 (Flyball, 9M)
Batting: RHB Tom Hicks 0-0: Ball
Reached via error on a dropped throw, E3
Chris Burrell to second
Batting: RHB Pablo Díaz 0-0: Called Strike
0-1: Called Strike
0-2: Foul Ball, location: 2F
0-2: Strikes out swinging
Top of the 5th over - 0 run(s), 0 hit(s), 1 error(s), 2 left on base; Columbia 4 - Lee's Summit 3
BOTTOM OF THE 5TH
Lee's Summit Tigers batting - Pitching for Columbia 08s : RHP Irwin Conway
Batting: RHB Oliver Todd 0-0: Ball
1-0: Foul Ball, location: 2F
1-1: Swinging Strike
1-2: DOUBLE (Line Drive, 5L)
Batting: LHB José López 0-0: Ball
1-0: Ball
2-0: Ball
Wild Pitch!
Oliver Todd to third
3-0: Base on Balls
Pitching: RHP Alejandro Hernández
Batting: RHB Flint Todd 0-0: Ball
1-0: Swinging Strike
Pickoff Throw by Catcher to First - Out!
1-1: Foul Ball, location: 2F
1-2: Strikes out swinging
Batting: RHB Ricardo Velásquez 0-0: Called Strike
0-1: Ball
1-1: Ball
2-1: Called Strike
2-2: Strikes out looking
Bottom of the 5th over - 0 run(s), 1 hit(s), 0 error(s), 1 left on base; Columbia 4 - Lee's Summit 3
TOP OF THE 6TH
Columbia 08s batting - Pitching for Lee's Summit Tigers : RHP Greg Reeves
Batting: SHB Juan Carlos González 0-0: Called Strike
0-1: Ball
1-1: Foul Ball, location: 2F
1-2: Foul Ball, location: 2F
1-2: Fly out, F8 (Flyball, 8RM)
Batting: RHB Bernardo Corona 0-0: Called Strike
0-1: Foul Ball, location: 2F
0-2: Ground out 4-3 (Groundball, 4)
Batting: LHB Francisco Gonzáles 0-0: Foul Ball, location: 2F
0-1: Ball
1-1: Ball
2-1: Ground out U3 (Groundball, 3L)
Top of the 6th over - 0 run(s), 0 hit(s), 0 error(s), 0 left on base; Columbia 4 - Lee's Summit 3
BOTTOM OF THE 6TH
Lee's Summit Tigers batting - Pitching for Columbia 08s : RHP Alejandro Hernández
Batting: LHB Milo Powers 0-0: Ball
1-0: Foul Ball, location: 2F
1-1: Swinging Strike
1-2: Fly out, F7 (Line Drive, 7M)
Batting: RHB Augusto Pérez 0-0: Called Strike
0-1: Ball
1-1: Ball
2-1: Foul Ball, location: 2F
2-2: Strikes out swinging
Batting: LHB Darren Holland 0-0: Ball
1-0: Called Strike
1-1: Ball
2-1: Ball
3-1: Foul Ball, location: 2F
3-2: Base on Balls
Batting: RHB Rusty Bennett 0-0: Ball
Darren Holland steals 2nd base
1-0: Foul Ball, location: 2F
1-1: Foul Ball, location: 2F
1-2: Strikes out swinging
Bottom of the 6th over - 0 run(s), 0 hit(s), 0 error(s), 1 left on base; Columbia 4 - Lee's Summit 3
TOP OF THE 7TH
Columbia 08s batting - Pitching for Lee's Summit Tigers : RHP Greg Reeves
Batting: RHB Carlos López 0-0: Swinging Strike
0-1: Ball
1-1: Swinging Strike
1-2: Foul Ball, location: 2F
1-2: Foul Ball, location: 2F
1-2: Foul Ball, location: 2F
1-2: Ball
2-2: Foul Ball, location: 2F
2-2: SINGLE (Line Drive, 56)
Pitching: LHP Dave McCoy
Batting: RHB Casey Fox 0-0: Foul Ball, location: 2F
0-1: Ball
1-1: Ball
Carlos López steals 2nd base
2-1: Intentional Walk
Batting: RHB Chris Burrell 0-0: Called Strike
0-1: SINGLE (Groundball, 4M)
Carlos López to third
Casey Fox to second
Runner from 3rd tries for Home, SAFE, no throw or cutoff
Pinch Hitting: RHB Jorge Mora 0-0: Called Strike
0-1: Swinging Strike
0-2: Ball
1-2: SINGLE (Line Drive, 8LS)
Casey Fox to third
Chris Burrell to second
Batting: RHB Tom Hicks 0-0: DOUBLE (Groundball, 3D)
Casey Fox scores
Chris Burrell scores
Jorge Mora to third
Batting: RHB Pablo Díaz 0-0: Intentional Walk
Batting: SHB Juan Carlos González 0-0: Foul Ball, location: 2F
0-1: Ball
1-1: Ball
2-1: Ball
3-1: Foul Ball, location: 2F
3-2: Base on Balls
Jorge Mora scores
Tom Hicks to third
Pablo Díaz to second
Batting: RHB Bernardo Corona 0-0: Reached on error, E4 (Groundball, 4)
Tom Hicks scores
Pablo Díaz to third
Juan Carlos González to second
Pitching: RHP Luis López
Batting: LHB Francisco Gonzáles 0-0: Fly out, F7 (Flyball, 78M)
Runner from 3rd tags up, SCORES, throw made
Batting: RHB Carlos López 0-0: Called Strike
0-1: Foul Ball, location: 2F
0-2: Strikes out swinging
Batting: RHB Casey Fox 0-0: SINGLE (Groundball, 6MD) (infield hit)
Juan Carlos González to third
Bernardo Corona to second
Batting: RHB Chris Burrell 0-0: Foul Ball, location: 2F
0-1: Ball
1-1: Swinging Strike
1-2: Ball
2-2: Foul Ball, location: 2F
2-2: SINGLE (Groundball, 56S)
Juan Carlos González scores
Bernardo Corona to third
Casey Fox to second
Runner from 3rd tries for Home, SAFE, no throw or cutoff
Batting: RHB Jorge Mora 0-0: Ball
1-0: Swinging Strike
1-1: Fly out, F4 (Popup, 4D)
Top of the 7th over - 8 run(s), 6 hit(s), 1 error(s), 2 left on base; Columbia 12 - Lee's Summit 3
BOTTOM OF THE 7TH
Lee's Summit Tigers batting - Pitching for Columbia 08s : RHP Alejandro Hernández
Pitching: RHP Gabriel McDaniel
Now in LF: Claudio Palácios
Batting: LHB Edward Rose 0-0: Ball
1-0: Foul Ball, location: 2F
1-1: Fly out, F7 (Flyball, 7D)
Batting: RHB Oliver Todd 0-0: Ball
1-0: Ball
2-0: Ball
3-0: Called Strike
3-1: Base on Balls
Batting: LHB José López 0-0: Ball
1-0: Ball
2-0: Ball
Oliver Todd steals 2nd base
3-0: Called Strike
3-1: Foul Ball, location: 2F
3-2: Foul Ball, location: 2F
3-2: Base on Balls
Batting: RHB Flint Todd 0-0: Swinging Strike
0-1: Foul Ball, location: 2F
0-2: Strikes out swinging
Batting: RHB Ricardo Velásquez 0-0: Ground out 1-3 (Groundball, 15)
Bottom of the 7th over - 0 run(s), 0 hit(s), 0 error(s), 2 left on base; Columbia 12 - Lee's Summit 3
TOP OF THE 8TH
Columbia 08s batting - Pitching for Lee's Summit Tigers : RHP Luis López
Batting: RHB Tom Hicks 0-0: Ball
1-0: Foul Ball, location: 2F
1-1: Ball
2-1: Ball
3-1: Foul Ball, location: 2F
3-2: Base on Balls
Batting: RHB Pablo Díaz 0-0: SINGLE (Line Drive, 78S)
Tom Hicks to second
Batting: SHB Juan Carlos González 0-0: Called Strike
0-1: Sac Bunt - play at first, batter OUT! 1-4
Tom Hicks to third
Pablo Díaz to second
Batting: RHB Bernardo Corona 0-0: Ground out 6-3 (Groundball, 6)
Tom Hicks scores
Batting: LHB Francisco Gonzáles 0-0: Ball
1-0: Ground out 4-3 (Groundball, 4)
Top of the 8th over - 1 run(s), 1 hit(s), 0 error(s), 1 left on base; Columbia 13 - Lee's Summit 3
BOTTOM OF THE 8TH
Lee's Summit Tigers batting - Pitching for Columbia 08s : RHP Gabriel McDaniel
Batting: LHB Milo Powers 0-0: Called Strike
0-1: Foul Ball, location: 2F
0-2: Ball
1-2: Ball
2-2: Strikes out swinging
Batting: RHB Augusto Pérez 0-0: Called Strike
0-1: SINGLE (Line Drive, 56D)
Batting: LHB Darren Holland 0-0: Foul Ball, location: 2F
0-1: SINGLE (Groundball, 34S)
Augusto Pérez to second
Runner from 2nd tries for 3rd, OUT!
Darren Holland to second
Batting: RHB Rusty Bennett 0-0: DOUBLE (Flyball, 9LD)
Darren Holland scores
Batting: LHB Edward Rose 0-0: Called Strike
0-1: Swinging Strike
0-2: Ball
1-2: SINGLE (Line Drive, 78S)
Rusty Bennett to third
Runner from 3rd tries for Home, SAFE, no throw or cutoff
Batting: RHB Oliver Todd 0-0: Ball
1-0: Ball
2-0: Foul Ball, location: 2F
2-1: Ball
3-1: Called Strike
3-2: Foul Ball, location: 2F
3-2: Base on Balls
Edward Rose to second
Batting: LHB José López 0-0: Ball
1-0: Ball
2-0: Foul Ball, location: 2F
2-1: Foul Ball, location: 2F
2-2: Fly out, F8 (Flyball, 78XD)
Bottom of the 8th over - 2 run(s), 4 hit(s), 0 error(s), 2 left on base; Columbia 13 - Lee's Summit 5
TOP OF THE 9TH
Columbia 08s batting - Pitching for Lee's Summit Tigers : RHP Luis López
Pitching: RHP Alejandro Longoria
Batting: RHB Carlos López 0-0: Called Strike
0-1: Hit by Pitch
Batting: RHB Casey Fox 0-0: Ball
1-0: DOUBLE (Line Drive, 5L)
Carlos López to third
Batting: RHB Chris Burrell 0-0: Ball
1-0: Fly out, F3 (Popup, 3L)
Batting: LHB Claudio Palácios 0-0: Called Strike
0-1: Ball
1-1: Foul Ball, location: 2F
1-2: Strikes out swinging
Batting: RHB Tom Hicks 0-0: Ball
1-0: Foul Ball, location: 2F
1-1: Swinging Strike
1-2: Strikes out swinging
Top of the 9th over - 0 run(s), 1 hit(s), 0 error(s), 2 left on base; Columbia 13 - Lee's Summit 5
BOTTOM OF THE 9TH
Lee's Summit Tigers batting - Pitching for Columbia 08s : RHP Gabriel McDaniel
Pitching: RHP Manuel Trujillo
Now at 2B: Ernesto Villa
Batting: RHB Flint Todd 0-0: Ball
1-0: Ball
2-0: Called Strike
2-1: Ball
3-1: Ground out 6-3 (Groundball, 6M)
Batting: RHB Ricardo Velásquez 0-0: Called Strike
0-1: Ball
1-1: Fly out, F8 (Popup, 8LS)
Batting: LHB Milo Powers 0-0: Foul Ball, location: 2F
0-1: Ball
1-1: Foul Ball, location: 2F
1-2: Foul Ball, location: 2F
1-2: Ball
2-2: Ball
3-2: Base on Balls
Batting: RHB Augusto Pérez 0-0: Ball
1-0: Ball
2-0: Called Strike
2-1: Ball
3-1: Base on Balls
Milo Powers to second
Batting: LHB Darren Holland 0-0: Called Strike
0-1: Ball
1-1: Foul Ball, location: 2F
1-2: Strikes out swinging
Bottom of the 9th over - 0 run(s), 0 hit(s), 0 error(s), 2 left on base; Columbia 13 - Lee's Summit 5
Monday, December 5th, 2016 - OOTP Baseball 17.12 Build 75